Map: Berlingrad LE

Players

A.I. 1 (Hard)

  • Race: Terran Terran
  • Spawn Location: 11:00

DemonR - Winner!

  • Race: Zerg Zerg
  • League: Diamond
  • Spawn Location: 5:00

VOD

Have the link to the VOD?

Description

Time

  • Played on: July 4, 2022, 12:26 a.m.
  • Length: 6:54
Show
View Real Time Build Order
Export as new Build Order

A.I. 1 (Hard) Terran 

Build Orders:  

Get SALT Encoding   

  12  0:00  SCV  
  13  0:13  SCV  
  14  0:18  Supply Depot  
  14  0:25  SCV  
  15  0:39  SCV  
  16  0:43  Barracks  
  16  0:48  Refinery  
  16  0:51  SCV  
  17  1:03  SCV  
  18  1:16  SCV  
  19  1:20  Supply Depot  
  19  1:28  SCV  
  19  1:31  Marine  
  21  1:39  Barracks  
  21  1:40  Orbital Command  
  21  1:48  Refinery  
  21  1:50  Barracks Tech Lab  
  21  2:05  Supply Depot  
  21  2:07  Marine  
  22  2:25  Marine  
  22  2:29  Marine  
  24  2:38  Supply Depot  
  24  2:43  Marine  
  25  2:47  Marine  
  26  3:01  Marine  
  27  3:06  Marine  
  27  3:12  SCV  
  29  3:13  Supply Depot  
  29  3:19  Marauder  
  31  3:24  SCV  
  31  3:25  Engineering Bay, Marine  
  33  3:36  SCV  
  33  3:41  Marauder  
  36  3:44  Marine  
  37  3:49  SCV  
  38  4:01  SCV  
  38  4:02  Marauder  
  41  4:13  SCV  
  42  4:23  Marauder  
  43  4:25  SCV  
  44  4:45  Marauder  
  46  5:06  Marauder  
  48  5:46  Marine  
  42  5:55  Marine  
  28  6:04  Marine  
  28  6:06  SCV  
  25  6:12  Supply Depot  
  25  6:14  Marine  
  20  6:18  SCV  
  15  6:30  SCV  
  15  6:31  Factory, Command Center  
Show
View Real Time Build Order
Export as new Build Order

DemonR Zerg - Winner!

Build Orders: Pool First 

Get SALT Encoding   

  12  0:00  Drone  
  13  0:12  Overlord  
  13  0:16  Drone  
  14  0:32  Drone x2  
  17  0:35  Drone  
  17  0:45  Spawning Pool  
  17  0:49  Drone  
  17  1:10  Hatchery  
  16  1:14  Drone  
  16  1:17  Extractor  
  16  1:22  Drone  
  16  1:23  Drone  
  18  1:29  Drone  
  18  1:31  Queen  
  21  1:39  Overlord  
  21  1:50  Zergling x2  
  23  2:01  Drone  
  23  2:06  Queen  
  25  2:12  Drone  
  26  2:21  Drone  
  26  2:22  Drone  
  28  2:23  Metabolic Boost  
  28  2:32  Drone x2  
  30  2:39  Drone  
  30  2:40  Drone x2  
  33  2:47  Drone x2  
  33  2:50  Roach Warren  
  34  2:55  Overlord  
  34  2:57  Drone  
  35  3:02  Lair  
  35  3:05  Drone  
  36  3:17  Drone x3  
  36  3:18  Drone x4  
  43  3:20  Overlord  
  43  3:34  Overlord  
  43  3:37  Hatchery  
  43  3:38  Extractor  
  43  3:40  Extractor  
  40  3:42  Drone, Extractor  
  40  3:49  Drone  
  40  3:50  Drone  
  40  3:51  Drone x2  
  40  3:52  Drone x2  
  40  3:53  Drone  
  40  3:54  Drone  
  48  4:02  Roach x3  
  54  4:03  Glial Reconstitution  
  54  4:12  Overlord  
  54  4:15  Roach  
  56  4:28  Roach  
  56  4:29  Roach  
  56  4:30  Overlord  
  60  4:32  Roach x3  
  68  4:38  Roach  
  68  4:41  Overlord  
  68  4:52  Roach  
  70  4:53  Roach x6  
  70  4:56  Overlord x2  
  82  5:01  Roach x3  
  88  5:27  Roach x7  
  88  5:28  Roach x2  
  106  5:29  Overlord  
  106  5:30  Overlord  
  105  5:44  Overlord x2  
  97  5:51  Roach x4  
  97  6:00  Roach x5  
  97  6:01  Roach  
  109  6:15  Roach x5  
  109  6:17  Overlord  
  119  6:32  Roach  
  121  6:33  Roach x4  
Tags
 
League
Diamond
Matchup
TvZ
Opening
Pool First
Spawn Locations
Cross Positions
Add a new tag
Caveats
  • Supply blocks, unpowered buildings, or Contaminate may cause inaccurate times.
  • Supply counts are checked every 10 seconds.